 Dungeon Crawl Stone Soup version 0.27.1 (webtiles) character file.

Game seed: 12398338817835313413

175 Destapler the Ducker (level 5, 0/22 HPs)
             Began as a Felid Berserker on Aug 25, 2021.
             Was a Believer of Trog.
             Slain by an orc (4 damage)
             ... on level 3 of the Dungeon on Aug 26, 2021.
             The game lasted 00:06:24 (3884 turns).

Destapler the Ducker (Felid Berserker)              Turns: 3884, Time: 00:06:24

Health: 0/22       AC:  1    Str: 13    XL:     5   Next: 29%
Magic:  0/6        EV: 20    Int:  8    God:    Trog [**....]
Gold:   65         SH:  0    Dex: 17    Spells: 4/4 levels left
                                        Lives:  0   Deaths: 1

rFire    . . .     SeeInvis +     - Unarmed
rCold    . . .     Faith    .   (shield unavailable)
rNeg     . . .     Spirit   +   (armour unavailable)
rPois    .         Reflect  .   (helmet unavailable)
rElec    .         Harm     .   (cloak unavailable)
rCorr    .         Rampage  .   (gloves unavailable)
Will     +....                  (boots unavailable)
Stlth    ++........             g - amulet of guardian spirit
HPRegen  0.07/turn              (no ring)
MPRegen  0.10/turn              (no ring)

@: quick
A: very small, claws 1, fangs 3, see invisible, speed 1, shaggy fur 1, stealthy
paws, no weapons or thrown items, no armour, multi-lived, antennae 1, frail 1,
strong-willed 1, MP-powered wands
a: Renounce Religion, Berserk, Trog's Hand


You were on level 3 of the Dungeon.
You worshipped Trog.
Trog was pleased with you.
You visited 1 branch of the dungeon, and saw 3 of its levels.

You collected 65 gold pieces.

Inventory:

Jewellery
 g - an amulet of guardian spirit (around neck)
Scrolls
 d - 4 scrolls of identify {unknown}
 f - a scroll of magic mapping {unknown}
 j - a scroll of brand weapon {unknown}
Potions
 a - a potion of brilliance {unknown}
 b - a potion of degeneration {unknown}
 c - a potion of attraction
 e - a potion of haste {unknown}
 h - a potion of lignification {unknown}
 i - a potion of curing {unknown}
 k - a potion of mutation
 l - a potion of resistance {unknown}


   Skills:
 + Level 4.2 Fighting
 + Level 5.6 Dodging
 + Level 3.1 Stealth
 + Level 4.2 Unarmed Combat


You had 4 spell levels left.
You didn't know any spells.
Your spell library contained the following spells:

 Spells                   Type           Power      Damage    Failure   Level
 Frozen Ramparts          Ice            0%         1d2       78%         3
 Ice Form                 Ice/Tmut       0%         N/A       99%         4
 Summon Ice Beast         Ice/Summ       0%         N/A       99%         4


Dungeon Overview and Level Annotations

Branches:
Dungeon (3/15)

Altars:
Zin

Annotations:
D:3 Grinder


Innate Abilities, Weirdness & Mutations

You have sharp claws.
You have razor-sharp teeth.
You have supernaturally acute eyesight. (SInv)
You cover ground quickly. (Speed+)
You are covered in fur. (AC +1)
Your paws help you pounce on unaware monsters.
You are incapable of wielding weapons or throwing items.
You cannot wear armour.
You gain extra lives every three experience levels.
You have a pair of small antennae on your head.
You are frail. (-10% HP)
You are strong-willed. (Will+)
You expend magic power (3 MP) to strengthen your wands.


Message History

Things that are here:
a +0 hand axe; a +0 plate armour; an orc corpse You start resting.
You feel a strong urge to attack something.
You start resting.
You feel your anger nearly subside.
You are no longer berserk.
You are exhausted.
You feel yourself slow down.
There is a stone staircase leading down, spattered with blood here.
You start resting.
You feel yourself speed up.
You start resting.
You recover from your berserk rage.
You start resting.
Magic restored.
You start resting.
HP restored.
You climb downwards.
Level annotation: Grinder The orc priest shouts!
The orc hits you with a +0 hand axe.
There is a stone staircase leading up here.
You fail to use your ability.
The orc barely misses you.
You scratch the orc priest. Your claw misses the orc priest.
The orc priest is moderately wounded.
The orc barely misses you. The orc priest misses you.
You claw the orc priest!
The orc priest is almost dead.
The orc hits you with a +0 hand axe. The orc priest barely misses you.
You scratch the orc priest but do no damage.
The orc priest is almost dead.
The orc misses you.
The orc priest invokes the aid of Beogh against you.
Pain shoots through your body!
Ouch! That really hurt!
* * * LOW HITPOINT WARNING * * *
You scratch the orc priest.
The orc priest is almost dead.
The orc hits you with a +0 hand axe.
You die...

######### #.......# #.......#
#.......# ###### #.......####
#...... #..........###
#...... ####.##......#
#...... #.##.o....##
####......
#.##..@....###.........
#.##..o..#.....##......
#######.###.#.###............
#....##.# #.#...#.#####......
#....##.# #...#...# ###....>.
###...#.# ###....o###........
#.....###...##...#.)######.
###.......######...## #...
##...#### ###.######..##


You could see an orc priest and an orc.

Vanquished Creatures
  An orc warrior (D:2)
  Jessica (D:2)
  An orc wizard (D:3)
  2 adders (D:2)
  3 worms
  2 dart slugs
  7 orcs
  7 bats
  5 endoplasms
  3 giant cockroaches
  3 goblins
  A hobgoblin (D:1)
  4 kobolds
  2 quokkas (D:1)
  2 ball pythons
  7 frilled lizards
  3 rats
54 creatures vanquished.

Vanquished Creatures (others)
  2 demonic plants (D:1)
2 creatures vanquished.

Grand Total: 56 creatures vanquished

Notes
Turn   | Place    | Note
-------+----------+-------------------------------------------
     0 | D:1      | Destapler the Felid Berserker began the quest for the Orb.
     0 | D:1      | Reached XP level 1. HP: 10/10 MP: 2/2
   359 | D:1      | Reached XP level 2. HP: 14/14 MP: 3/3
  1137 | D:1      | Found a faded altar of an unknown god.
  1137 | D:1      | Noticed a Tzitzimitl
  1271 | D:2      | Reached XP level 3. HP: 17/17 MP: 4/4
  1503 | D:2      | Noticed Jessica
  1506 | D:2      | Killed Jessica
  1506 | D:2      | Reached ** piety under Trog
  1507 | D:2      | Reached skill level 1 in Stealth
  1664 | D:2      | Reached XP level 4. HP: 10/22 MP: 3/5
  1997 | D:2      | Reached skill level 5 in Dodging
  2579 | D:2      | Found a glowing silver altar of Zin.
  3062 | D:3      | Noticed Grinder
  3068 | D:3      | Gained mutation: You are strong-willed. (Will+) [potion of
                  | mutation]
  3068 | D:3      | Gained mutation: You are frail. (-10% HP) [potion of
                  | mutation]
  3068 | D:3      | Gained mutation: You have a pair of small antennae on your
                  | head. [potion of mutation]
  3068 | D:3      | Gained mutation: You expend magic power (3 MP) to
                  | strengthen your wands. [potion of mutation]
  3074 | D:3      | Slain by Grinder
  3075 | D:3      | Reached XP level 3. HP: 0/24 MP: 0/4
  3306 | D:3      | Noticed an orc warrior
  3313 | D:3      | Reached XP level 4. HP: 7/19 MP: 2/5
  3602 | D:2      | Killed an orc warrior
  3603 | D:2      | Reached XP level 5. HP: 3/22 MP: 0/6
  3884 | D:3      | Slain by an orc

Illustrated notes

Levels and vault maps discovered:
D:1:      minmay_arrival_widening_spiral_narrow, layout_loops_ring,
          dreamdust_ecumenical_altar_sealed_demon
D:2:      layout_loops_corners, basic_altar, uniq_jessica
D:3:      layout_rooms, uniq_grinder

Skill      XL: |  1  2  3  4 |
---------------+-------------+-----
Stealth        | 1 3 |  3.1
Dodging        | 5 |  5.6
Unarmed Combat | 4 |  4.2
Fighting       | 4 |  4.2

Action                   |  1- 3 |  4- 6 || total
-------------------------+-------+-------++-------
Melee: Unarmed           |   111 |    45 ||   156
       Bite              |     6 |     5 ||    11
       Punch             |     2 |     2 ||     4
Invok: Berserk           |     1 |     4 ||     5
       Trog's Hand       |       |     1 ||     1
  Use: Potion            |       |     2 ||     2
 Stab: Sleeping          |     1 |     1 ||     2
Armor: Skin              |     6 |     3 ||     9
Dodge: Dodged            |    84 |    25 ||   109
